 Dungeon Crawl Stone Soup version 0.31-a0-204-g7da18cac08 (webtiles) character file.

Game seed: 12420670357683238580

44 olmar the Covered (level 3, -4/33 HPs)
             Began as an Armataur Fighter on June 28, 2023.
             Slain by a kobold
             ... wielding a +2 dagger of electrocution
              (14 damage)
             ... on level 3 of the Dungeon.
             The game lasted 00:01:12 (1025 turns).

olmar the Covered (Armataur Fighter)                Turns: 1025, Time: 00:01:13

Health: -4/33      AC:  7    Str: 23    XL:     3   Next: 41%
Magic:  3/3        EV:  7    Int:  8    God:
Gold:   22         SH:  4    Dex:  9    Spells: 2/2 levels left

rFire   . . .        a - +0 flail
rCold   . . .        c - +0 buckler
rNeg    . . .        b - +0 scale mail
rPois   .            (no helmet)
rElec   .            (no cloak)
rCorr   .            (no gloves)
SInv    .            (no barding)
Will    .....        (no amulet) Stlth
                     (no ring)
HPRegen 0.25/turn    (no ring)
MPRegen 0.08/turn

%: roll
@: no status effects
A: large, rugged brown scales 3, deformed body, armoured tail, roll, long
tongue, awkward tongue
a: no special abilities


You were on level 3 of the Dungeon.
You visited 1 branch of the dungeon, and saw 3 of its levels.

You collected 22 gold pieces.

Inventory:

Hand Weapons
 a - a +0 flail (weapon)
Missiles
 h - 5 boomerangs
Armour
 b - a +0 scale mail (worn)
 c - a +0 buckler (worn)
Scrolls
 e - 4 scrolls of identify {unknown}
 g - a scroll of teleportation {unknown}
 i - a scroll of vulnerability {unknown}
 j - a scroll of noise {unknown}
 k - a scroll of brand weapon {unknown}
 l - a scroll of revelation {unknown}
Potions
 d - a potion of might
 f - a potion of haste {unknown}
 m - a potion of degeneration {unknown}


   Skills:
 + Level 3.1 Fighting
 + Level 2.3 Maces & Flails
 + Level 4.1 Armour
 + Level 3.7 Shields


You had 2 spell levels left.
You didn't know any spells.
Your spell library was empty.

Dungeon Overview and Level Annotations

Branches:
Dungeon (3/15)

Altars:


Innate Abilities, Weirdness & Mutations

You are completely covered in rugged brown scales. (AC +3, +7% HP)
Armour fits poorly on your strangely shaped body.
You have a long armoured tail.
You roll when moving toward enemies. (Rampage)
Your long tongue fully drains potion bottles. (2x potion effects)
Your tongue gives you trouble enunciating. (1.5x scroll delay)


Message History

A kobold is nearby!
You hit the kobold.
The kobold is moderately wounded.
The kobold hits you with a +2 dagger of electrocution.
A kobold is nearby!
You barely miss the kobold.
The kobold is moderately wounded.
You block the kobold's attack.
A kobold is nearby!
A kobold is nearby!
You closely miss the kobold.
The kobold is moderately wounded.
The kobold hits you with a +2 dagger of electrocution.
The kobold barely misses you.
A kobold is nearby!
You closely miss the kobold.
The kobold is moderately wounded.
The kobold hits you but does no damage.
A kobold is nearby!
You closely miss the kobold.
The kobold is moderately wounded.
You block the kobold's attack.
Unknown command.
A kobold is nearby!
You closely miss the kobold.
The kobold is moderately wounded.
The kobold hits you with a +2 dagger of electrocution.
You are electrocuted!!
Ouch! That really hurt!
A kobold is nearby!
You are too injured to fight recklessly!
You are too injured to fight recklessly!
A kobold is nearby!
Unknown command.
Unknown command.
Unknown command.
You barely miss the kobold.
The kobold is moderately wounded.
The kobold hits you but does no damage. x2; You are electrocuted!
You die...

#########
##############.......#
.............$..@K...#
.#############..........
.# ########### .# .# .#
.# .# .#


You could see a kobold.

Vanquished Creatures
  4 endoplasms
  A giant cockroach (D:1)
  3 goblins
  2 hobgoblins (D:1)
  4 jackals (D:2)
  3 quokkas
  3 ball pythons
  8 bats
  2 frilled lizards
  7 kobolds (D:1)
  2 rats
39 creatures vanquished.

Notes
Turn   | Place    | Note
-------+----------+-------------------------------------------
     0 | D:1      | olmar the Armataur Fighter began the quest for the Orb.
     0 | D:1      | Reached XP level 1. HP: 19/19 MP: 1/1
   119 | D:1      | Reached XP level 2. HP: 26/26 MP: 2/2
   396 | D:1      | Found a faded altar of an unknown god.
   506 | D:1      | Reached skill level 4 in Armour
   616 | D:2      | Reached XP level 3. HP: 33/33 MP: 3/3
  1025 | D:3      | Slain by a kobold

Illustrated notes

Levels and vault maps discovered:
D:1:      scummos_arrival_simple_crosswalls, layout_loops_ring,
          shapermc_ecumenical_altar_mp_ritualfount, corexii_leaking_fountain,
          minmay_indecisive_spiral
D:2:      layout_rooms
D:3:      layout_rooms, kennysheep_generic_room_10, uniq_crazy_yiuf_cottage

Skill      XL: |  1  2 |
---------------+-------+-----
Maces & Flails | 2 |  2.3
Fighting       | 3 |  3.1
Armour         | 4 |  4.1
Shields        | |  3.7

Action                     || total
---------------------------++-------
  Melee: Flail             ||    98
         Tailslap          ||     9
 Armour: Scale mail        ||    59
  Dodge: Dodged            ||    44
  Block: Buckler           ||    22

Table legend: (Time is in decaauts)
 A = Elapsed time spent in this place.
 B = Non-inter-level travel time spent in this place.
 C = Inter-level travel time spent in this place.
 D = Time resting spent in this place.
 E = Time spent auto-exploring this place.
 F = Levels seen in this place.
 G = Mean time per level.
                   A        B        C        D        E       F      G
               +--------+--------+--------+--------+--------+-----+--------+
         Total |   1056 |   1014 |     42 |      0 |    787 |   3 |  352.0 |
       Dungeon |   1056 |   1014 |     42 |      0 |    787 |   3 |  352.0 |
               +--------+--------+--------+--------+--------+-----+--------+

Top non-repeatable levels by time:
     D:1: 609 daAuts
     D:2: 383 daAuts
     D:3: 63 daAuts
